Map: Coda LE (Void)

Players

dankmemer

  • Race: Zerg Zerg

AgCl - Winner!

  • Race: Protoss Protoss

VOD

Have the link to the VOD?

Description

Time

  • Played on: May 1, 2015, 2:40 a.m.
  • Length: 48:30
Show
View Real Time Build Order
Export as new Build Order

dankmemer Zerg 

Build Orders: Hatch First 

Get SALT Encoding   

  12  0:01  Drone  
  13  0:13  Overlord  
  13  0:19  Drone  
  14  0:32  Drone x2  
  16  0:50  Hatchery  
  16  0:54  Drone  
  16  1:04  Drone x2  
  18  1:08  Drone  
  19  1:21  Drone  
  20  1:31  Drone  
  20  1:32  Spawning Pool  
  20  1:37  Extractor  
  19  1:40  Drone  
  20  1:51  Drone  
  21  2:01  Drone  
  21  2:07  Drone  
  23  2:12  Overlord  
  23  2:16  Drone  
  23  2:18  Queen x2  
  28  2:30  Overlord x2  
  28  2:39  Drone x2  
  31  2:44  Drone  
  31  2:48  Drone  
  32  2:57  Drone  
  33  3:02  Hatchery, Drone  
  33  3:05  Drone  
  33  3:07  Drone  
  35  3:28  Drone x4  
  35  3:29  Drone x3  
  35  3:30  Drone  
  35  3:33  Drone x3  
  35  3:34  Drone  
  47  3:37  Lair  
  47  3:40  Drone  
  48  3:42  Metabolic Boost  
  48  3:44  Drone  
  48  3:46  Roach Warren  
  48  3:49  Extractor  
  48  3:51  Overlord  
  48  3:52  Extractor  
  46  4:04  Zergling x8  
  46  4:07  Spore Crawler  
  46  4:09  Spore Crawler  
  48  4:20  Drone x2  
  48  4:22  Queen  
  52  4:24  Drone x2  
  52  4:25  Drone x5  
  52  4:29  Drone  
  60  4:32  Pneumatized Carapace  
  60  4:34  Overlord  
  60  4:37  Drone  
  60  4:38  Drone x2  
  63  4:42  Drone x3  
  63  4:43  Overlord  
  66  4:55  Drone x2  
  66  4:56  Spore Crawler  
  67  5:00  Drone  
  67  5:01  Extractor  
  67  5:07  Drone  
  67  5:08  Evolution Chamber  
  67  5:09  Evolution Chamber, Glial Reconstitution  
  65  5:43  Zergling x2  
  65  5:44  Zergling x30  
  81  5:52  Overlord x2  
  81  5:53  Overlord x2  
  79  6:01  Roach  
  81  6:09  Zerg Ground Armor Level 1  
  81  6:10  Zerg Missile Weapons Level 1  
  80  6:12  Roach x10  
  80  6:15  Overlord x2  
  100  6:30  Drone  
  101  6:32  Extractor  
  101  6:33  Extractor  
  101  6:35  Drone x3  
  102  6:42  Roach x3  
  102  6:44  Roach  
  110  6:48  Spire  
  108  6:56  Roach  
  101  7:10  Drone  
  101  7:11  Drone  
  101  7:12  Drone x3  
  101  7:14  Drone  
  105  7:31  Hatchery  
  105  7:34  Drone, Hydralisk Den  
  104  7:39  Drone x2  
  104  7:41  Infestation Pit  
  100  8:22  Zerg Ground Armor Level 2  
  100  8:23  Zerg Missile Weapons Level 2  
  100  8:24  Corruptor  
  100  8:25  Corruptor x7  
  115  8:27  Zergling x2  
  115  8:28  Zergling x12  
  122  8:44  Hive  
  122  8:47  Queen  
  124  8:48  Overlord x3  
  124  8:49  Overlord x6  
  124  8:53  Muscular Augments  
  124  8:58  Zergling x2  
  124  8:59  Zergling x6  
  128  9:05  Zerg Flyer Weapons Level 1  
  128  9:07  Corruptor x2  
  128  9:09  Zergling x2  
  133  9:10  Zergling x20  
  143  9:17  Extractor  
  143  9:19  Extractor  
  141  9:36  Corruptor  
  141  9:37  Corruptor x3  
  149  9:41  Zergling x28  
  163  9:57  Viper  
  166  10:00  Overlord  
  166  10:01  Overlord x3  
  166  10:26  Viper x3  
  161  10:58  Drone x2  
  161  10:59  Drone  
  161  11:17  Corruptor x9  
  178  11:19  Zergling x2  
  178  11:20  Zergling x34  
  193  11:26  Drone  
  193  11:27  Drone x6  
  193  11:29  Overlord x6  
  189  12:01  Corruptor x5  
  176  12:02  Corruptor x4  
  176  12:03  Zergling x2  
  176  12:04  Zergling x10  
  200  12:42  Zerg Flyer Armor Level 1  
  175  13:31  Hatchery, Spore Crawler  
  175  13:32  Spore Crawler  
  175  13:34  Spore Crawler  
  171  13:35  Spore Crawler x2  
  171  13:36  Viper x3  
  171  13:37  Viper x2  
  171  13:39  Infestor x3  
  176  14:53  Hatchery  
  175  15:06  Infestor x2  
  175  15:07  Infestor x4  
  167  15:56  Spore Crawler  
  142  15:58  Zergling x2  
  142  15:59  Zergling x32  
  159  16:20  Zerg Flyer Armor Level 2  
  159  16:26  Spire  
  145  16:57  Overseer x3  
  145  16:58  Overseer  
  145  17:01  Corruptor x9  
  141  17:04  Zergling x12  
  141  17:05  Zergling x52  
  141  17:06  Zergling x14  
  198  17:42  Hatchery  
  175  17:51  Hatchery  
  167  18:16  Infestor  
  165  18:28  Neural Parasite  
  165  18:36  Zerg Flyer Weapons Level 2  
  165  18:37  Zerg Flyer Armor Level 3  
  155  18:49  Corruptor  
  155  18:50  Corruptor x2  
  155  18:52  Zergling x2  
  155  18:53  Zergling x48  
  155  18:54  Zergling x28  
  194  19:23  Roach  
  196  19:34  Extractor  
  196  19:38  Extractor  
  172  19:47  Spore Crawler  
  172  19:49  Spore Crawler  
  152  20:00  Zergling x28  
  152  20:01  Zergling x16  
  152  20:03  Overseer  
  168  20:47  Corruptor  
  168  20:48  Corruptor x2  
  156  22:00  Hatchery  
  154  22:15  Spine Crawler  
  153  22:18  Corruptor x2  
  157  23:03  Zergling x2  
  157  23:04  Zergling x34  
  158  24:54  Hatchery  
  158  24:55  Hatchery  
  156  26:59  Queen  
  158  27:33  Extractor  
  158  27:35  Extractor  
  156  30:18  Drone x3  
  156  30:19  Drone x8  
  156  30:20  Drone x5  
  172  30:27  Spore Crawler  
  171  30:30  Spore Crawler  
  171  30:32  Spore Crawler  
  169  30:50  Spore Crawler  
  169  30:56  Spore Crawler  
  167  31:05  Spore Crawler  
  166  31:12  Spore Crawler  
  165  32:53  Viper  
  165  32:54  Viper x2  
  165  32:55  Viper  
  165  32:57  Viper  
  180  33:42  Zerg Flyer Weapons Level 3  
  180  34:22  Corruptor x2  
  180  34:23  Corruptor  
  184  36:20  Viper x3  
  193  36:36  Corruptor  
  195  37:47  Infestor  
  196  38:52  Viper  
  199  40:56  Spore Crawler x2  
  197  40:57  Spore Crawler  
  197  41:01  Spore Crawler  
  197  41:04  Spore Crawler  
  194  41:05  Spore Crawler  
  194  41:07  Spore Crawler  
  192  41:13  Spore Crawler  
  191  41:20  Spore Crawler  
  191  41:22  Spore Crawler  
  189  41:27  Spore Crawler  
  188  41:33  Spore Crawler  
  187  41:40  Spore Crawler  
  187  41:41  Corruptor x7  
  200  42:06  Spore Crawler  
  199  42:09  Spore Crawler  
  199  42:11  Spore Crawler  
  199  42:15  Spore Crawler  
  196  42:17  Spore Crawler x3  
  196  42:22  Spore Crawler  
  192  42:32  Zergling x2  
  192  42:33  Zergling x14  
  123  44:54  Zergling x2  
  122  45:01  Zergling x20  
  122  45:02  Zergling x6  
  122  45:04  Zergling x14  
  122  45:05  Zergling x44  
  158  45:34  Zergling x12  
  158  45:35  Zergling x4  
  135  45:44  Zergling x2  
  135  45:48  Zergling x2  
  135  45:49  Zergling x2  
  120  46:37  Zergling x2  
  120  46:38  Zergling x30  
  120  46:39  Zergling x2  
  126  47:39  Drone  
  126  47:40  Drone x2  
Show
View Real Time Build Order
Export as new Build Order

AgCl Protoss - Winner!

Build Orders:  

Get SALT Encoding   

  12  0:03  Probe  
  13  0:15  Probe  
  14  0:29  Pylon  
  14  0:47  Probe  
  15  0:59  Probe  
  16  1:09  Nexus  
  16  1:22  Probe  
  17  1:34  Probe  
  17  1:36  Assimilator  
  17  1:39  Gateway  
  18  1:46  Probe  
  18  1:47  Assimilator  
  19  1:50  Pylon  
  19  1:58  Probe (Chrono Boost)  
  21  2:09  Probe (Chrono Boost)  
  21  2:15  Probe  
  22  2:26  Cybernetics Core  
  22  2:28  Probe (Chrono Boost)  
  23  2:32  Gateway  
  23  2:35  Forge  
  24  2:39  Probe (Chrono Boost)  
  24  2:41  Probe (Chrono Boost)  
  25  2:49  Probe (Chrono Boost)  
  27  2:52  Probe (Chrono Boost)  
  27  2:57  Probe (Chrono Boost)  
  29  3:00  Probe (Chrono Boost)  
  29  3:03  Warp Gate (Chrono Boost)  
  30  3:05  Probe (Chrono Boost)  
  30  3:08  Protoss Ground Weapons Level 1 (Chrono Boost)  
  30  3:09  Probe (Chrono Boost)  
  30  3:12  Probe (Chrono Boost)  
  32  3:15  Probe  
  33  3:21  Pylon  
  33  3:23  Mothership Core (Chrono Boost)  
  35  3:27  Probe (Chrono Boost)  
  36  3:38  Probe (Chrono Boost)  
  36  3:40  Probe (Chrono Boost)  
  38  3:44  Probe (Chrono Boost)  
  38  3:45  Stargate  
  39  3:48  Probe  
  39  3:52  Assimilator  
  40  3:56  Probe, Assimilator  
  40  3:57  Pylon  
  40  4:02  Probe (Chrono Boost)  
  42  4:08  Probe (Chrono Boost)  
  43  4:16  Probe (Chrono Boost)  
  44  4:19  Probe (Chrono Boost)  
  46  4:24  Probe (Chrono Boost)  
  46  4:28  Probe (Chrono Boost), Oracle  
  46  4:30  Probe (Chrono Boost)  
  51  4:32  Fleet Beacon  
  51  4:37  Probe  
  52  4:42  Probe  
  53  4:47  Stargate  
  53  4:49  Pylon  
  53  4:50  Probe, Protoss Air Weapons Level 1 (Chrono Boost)  
  54  4:54  Probe  
  55  5:00  Carrier (Chrono Boost)  
  55  5:02  Probe  
  55  5:05  Zealot x2  
  60  5:07  Probe  
  61  5:14  Probe  
  61  5:18  Pylon  
  61  5:19  Graviton Catapult (Chrono Boost)  
  62  5:22  Gateway  
  68  5:36  Probe  
  68  5:40  Probe  
  70  5:45  Nexus, Zealot  
  70  5:46  Zealot  
  70  5:48  Probe  
  71  5:51  Carrier (Chrono Boost)  
  67  5:58  Probe  
  68  6:06  Photon Cannon  
  68  6:07  Pylon  
  68  6:08  Assimilator  
  68  6:09  Carrier (Chrono Boost)  
  68  6:10  Probe  
  75  6:21  Probe  
  76  6:30  Twilight Council  
  82  6:34  Stalker  
  84  6:48  Carrier (Chrono Boost)  
  80  7:06  Nexus  
  80  7:08  Pylon  
  82  7:12  Photon Cannon  
  82  7:16  Carrier (Chrono Boost)  
  82  7:19  Protoss Air Weapons Level 2 (Chrono Boost)  
  82  7:25  Nexus  
  82  7:29  Pylon  
  88  7:34  Photon Cannon  
  88  7:37  Probe (Chrono Boost)  
  88  7:39  Probe (Chrono Boost)  
  90  7:46  Charge (Chrono Boost)  
  90  7:48  Probe (Chrono Boost)  
  90  7:49  Probe (Chrono Boost)  
  92  7:53  Carrier (Chrono Boost)  
  92  7:56  Probe x2 (Chrono Boost)  
  93  8:12  Zealot x2  
  97  8:27  Templar Archives  
  97  8:30  Pylon  
  97  8:31  Cybernetics Core  
  97  8:37  Probe (Chrono Boost)  
  100  8:44  Probe x2 (Chrono Boost)  
  100  8:47  Pylon  
  100  8:49  Protoss Ground Weapons Level 2  
  100  8:52  Gateway x2, Pylon  
  100  8:53  Photon Cannon  
  100  8:54  Gateway  
  100  8:56  Psionic Storm  
  100  8:59  Assimilator  
  100  9:01  Assimilator  
  100  9:20  Stargate  
  100  9:38  Void Ray (Chrono Boost)  
  96  9:40  Void Ray (Chrono Boost)  
  104  9:55  Dark Shrine  
  104  10:03  Probe x2  
  104  10:06  Carrier (Chrono Boost)  
  106  10:13  Assimilator  
  106  10:15  Assimilator  
  106  10:16  Pylon  
  106  10:18  Pylon x2  
  106  10:19  Pylon  
  112  10:29  Carrier (Chrono Boost)  
  112  10:35  Zealot x2  
  114  10:36  Zealot x2  
  114  10:40  Zealot  
  114  10:41  Zealot  
  121  10:54  Carrier (Chrono Boost)  
  121  10:57  Photon Cannon  
  121  11:06  Zealot x2  
  121  11:07  Zealot x2  
  125  11:24  Photon Cannon  
  121  11:27  Pylon  
  121  11:32  Gateway  
  121  11:33  Gateway  
  119  12:09  High Templar x4  
  119  12:11  High Templar  
  119  12:14  Archon x2  
  119  12:15  Pylon, High Templar  
  133  12:24  Probe x2 (Chrono Boost)  
  133  12:33  Carrier (Chrono Boost)  
  133  12:34  Carrier (Chrono Boost)  
  128  13:02  High Templar x2  
  115  14:54  Probe x4  
  119  15:12  Dark Templar  
  119  15:13  Dark Templar  
  123  15:34  Dark Templar  
  125  15:42  Dark Templar  
  120  15:43  Dark Templar  
  120  15:44  Dark Templar  
  124  15:52  Dark Templar  
  126  16:07  Probe (Chrono Boost)  
  129  16:12  Probe x2 (Chrono Boost)  
  129  16:17  Probe (Chrono Boost)  
  130  16:19  Probe (Chrono Boost)  
  131  16:27  Phoenix (Chrono Boost)  
  133  16:37  Dark Templar  
  113  17:36  Probe x3  
  116  17:49  Archon  
  116  17:50  Archon  
  108  18:09  Probe x2 (Chrono Boost)  
  111  18:24  Probe (Chrono Boost)  
  111  18:28  Probe (Chrono Boost)  
  111  18:33  Probe  
  115  18:52  Probe (Chrono Boost)  
  115  18:54  Probe (Chrono Boost)  
  116  18:56  Probe (Chrono Boost)  
  116  19:00  Probe (Chrono Boost)  
  117  19:05  Probe  
  117  19:09  Probe  
  119  19:13  Probe  
  108  19:39  Probe x3  
  110  20:00  Probe  
  111  20:40  Probe (Chrono Boost)  
  112  20:48  Protoss Air Weapons Level 3 (Chrono Boost)  
  114  20:52  Probe (Chrono Boost)  
  113  21:01  Probe (Chrono Boost)  
  114  21:16  Protoss Ground Weapons Level 3 (Chrono Boost)  
  112  21:26  Probe  
  114  21:32  Probe  
  114  21:38  Probe  
  112  21:56  Photon Cannon  
  114  22:02  Probe (Chrono Boost)  
  114  22:06  Probe (Chrono Boost)  
  114  22:17  High Templar x3  
  114  22:18  High Templar  
  124  22:32  Probe (Chrono Boost)  
  124  22:33  Probe (Chrono Boost)  
  124  22:49  Dark Templar  
  126  23:34  Assimilator  
  126  23:39  Protoss Shields Level 1 (Chrono Boost)  
  126  24:17  Protoss Air Armor Level 1 (Chrono Boost)  
  126  27:07  Nexus  
  126  27:14  Photon Cannon  
  126  27:15  Photon Cannon  
  126  27:17  Pylon  
  126  30:30  Protoss Shields Level 2 (Chrono Boost), Carrier x3 (Chrono Boost)  
  126  30:32  Protoss Air Armor Level 2 (Chrono Boost)  
  144  32:44  Carrier x2 (Chrono Boost)  
  144  32:50  Protoss Air Armor Level 3 (Chrono Boost)  
  144  32:51  Protoss Shields Level 3 (Chrono Boost)  
  144  33:06  Forge  
  156  34:16  Carrier x2 (Chrono Boost)  
  168  34:40  Protoss Ground Armor Level 1  
  168  34:56  Carrier (Chrono Boost)  
  174  35:36  Carrier (Chrono Boost)  
  178  36:21  Gateway  
  178  36:24  Photon Cannon  
  178  36:26  Gateway  
  178  36:29  Photon Cannon  
  178  36:46  Pylon  
  178  36:52  Protoss Ground Armor Level 2 (Chrono Boost), Phoenix (Chrono Boost)  
  178  38:33  Carrier (Chrono Boost)  
  184  39:18  Nexus  
  184  39:23  Pylon, Assimilator  
  184  39:47  Assimilator  
  184  39:51  Photon Cannon  
  184  41:20  Probe  
  184  41:21  Probe x4  
  189  41:32  Probe  
  189  41:33  Probe  
  191  42:00  Dark Templar  
  193  43:01  Carrier (Chrono Boost)  
  57  45:04  Archon x2  
  57  45:10  Zealot x4  
  57  45:11  Zealot x5  
  57  45:12  Zealot  
  77  45:37  Archon x3  
  77  45:38  Archon  
  69  46:29  Dark Templar  
  69  46:30  Dark Templar x4  
  69  46:31  Dark Templar x5  
  89  47:09  Zealot x4  
  89  47:10  Zealot x4  
  89  47:11  Zealot  
  105  48:10  Zealot x2  
  105  48:11  Zealot x5  
  105  48:12  Zealot  
Tags
 
Add a new tag
Caveats
  • Supply blocks, unpowered buildings, or Contaminate may cause inaccurate times.
  • Supply counts are checked every 10 seconds.